 Dungeon Sprint DCSS version 0.22-a0-515-g75794bf (webtiles) character file.

4122 emperorscorpion the Slicer (level 10, -5/94 HPs)
             Began as a Vine Stalker Berserker on June 19, 2018.
             Was the Champion of Trog.
             Killed from afar by Erica (12 damage)
             ... with a wand of acid (1)
             ... in the Dungeon (Sprint IX: "|||||||||||||||||||||||||||||").
             The game lasted 00:04:45 (481 turns).

emperorscorpion the Slicer (Vine Stalker Berserker)  Turns: 481, Time: 00:04:47

Health: -5/94      AC: 10    Str: 29    XL:     10   Next: 27%
Magic:  0/11       EV: 13    Int:  7    God:    Trog [******]
Gold:   9          SH:  0    Dex: 16    Spells: 9/9 levels left

rFire    . . .     SeeInvis .   a - +2 short sword (elec)
rCold    . . .     Gourm    .   (no shield)
rNeg     . . .     Faith    .   s - +1 chain mail
rPois    .         Spirit   +   D - +0 helmet
rElec    .         Reflect  .   q - +0 cloak
rCorr    .         Harm     .   r - +0 pair of gloves
MR       +....     NoTele   +   v - +0 pair of boots
Stlth    ..........             (no amulet)
HPRegen  0.65/turn              t - +2 ring of protection
MPRegen  0.12/turn              u - +3 ring of strength

@: berserking, corroded, very quick
A: fangs 3, regeneration 1, magic shield, antimagic bite, no potion heal 3, rot
immunity
a: Berserk, Trog's Hand, Brothers in Arms, Renounce Religion


You were in the Dungeon.
You worshipped Trog.
Trog was exalted by your worship.
You were very hungry.

You visited 1 branch You collected 9 gold pieces.

Inventory:

Hand Weapons
 a - a +2 short sword of electrocution (weapon)
 b - a +2 rapier of venom
 o - a +0 short sword
 p - the +2 scimitar "Xuaf Kygg" {flame, Fragile rN+ Str+2}
   (You found it in the Dungeon)

   It has been specially enchanted to burn those struck by it, causing extra
   injury to most foes and up to half again as much damage against particularly
   susceptible opponents.
   Big, fiery blades are also staple armaments of hydra-hunters.
   It affects your strength (+2).
   It protects you from negative energy.
   It will be destroyed if unequipped.
 C - a +2 vampiric short sword
Missiles
 w - 12 poisoned javelins (quivered)
Armour
 q - a +0 cloak (worn)
 r - a +0 pair of gloves (worn)
 s - a +1 chain mail (worn)
 v - a +0 pair of boots (worn)
 D - a +0 helmet (worn)
Magical Staves
 n - an uncursed staff of energy
Jewellery
 t - a +2 ring of protection (left hand)
 u - a +3 ring of strength (right hand)
Wands
 m - a wand of iceblast (10)
Scrolls
 i - 2 scrolls of blinking
 l - 4 scrolls of remove curse
 y - 3 scrolls of identify
 A - 2 scrolls of enchant weapon
 B - 2 scrolls of enchant armour
Potions
 d - 6 potions of curing
 e - 5 potions of heal wounds
 f - a potion of haste
 g - 4 potions of magic
 h - a potion of berserk rage
 k - a potion of invisibility
 x - a potion of might
 z - 2 potions of agility
Comestibles
 c - 12 rations
 j - 5 chunks of flesh


   Skills:
 + Level 12.7 Fighting
 - Level 14.0 Short Blades
 + Level 7.3 Armour
 + Level 6.7 Dodging
 + Level 1.8 Stealth


You had 9 spell levels left.
You didn't know any spells.
Your spell library was empty.

Dungeon Overview and Level Annotations

Branches:
Dungeon (1/1)

Altars:
Cheibriados
Dithmenos
Elyvilon
Fedhas
Gozag
Hepliaklqana
Kikubaaqudgha
Makhleb
Nemelex Xobeh
Okawaru
Qazlal
Ru
Sif Muna
Trog
Uskayaw
Vehumet
Wu Jian
Xom
Yredelemnul
Zin
The Shining One
Beogh
Jiyva
Lugonu

Annotations:
D Erica


Innate Abilities, Weirdness & Mutations

You have razor-sharp teeth.
Your natural rate of healing is unusually fast.
When hurt, damage is shared between your health and your magic reserves.
Your bite disrupts and absorbs the magic of your enemies.
Potions cannot restore your health.
You are immune to rotting.


Message History

You hit something. You bite something.
You hear a zap.
A bolt of acid appears from out of thin air!
The bolt of acid hits you! The acid corrodes you!
You are splashed with acid!
The acid burns!
Your chain mail prevents you from hitting something.
You hit something. Lightning courses through something! You bite something.
You hear a zap.
A bolt of acid appears from out of thin air!
The bolt of acid hits you!
* * * LOW HITPOINT WARNING * * *
The acid corrodes you!
You are splashed with acid!
The acid burns!
* * * LOW HITPOINT WARNING * * *
A red film seems to cover your vision as you go berserk!
You feel yourself moving faster!
You feel mighty!
You are feeling very hungry.
You hear a zap.
A bolt of acid appears from out of thin air!
The bolt of acid hits you!
You die...

▓.▓.▓.▓.▓
▓.▓[▓.▓.▓
▓.▓.▓.▓(▓
▓.▓.▓.▓)▓
▓.▓[▓.▓.▓
▓.▓.▓.▓.▓
▓.▓[▓.▓.▓
▓.▓'▓.▓.▓
▓@▓.▓.▓.▓
▓{▓[▓.▓.▓
▓.▓[▓.▓)▓
▓.▓(▓.▓.▓
▓.▓.▓.▓.▓
▓.▓.▓.▓.▓
▓.▓.▓.▓.▓
▓.▓.▓.▓.▓
▓.▓.▓)▓


There were no monsters in sight!

Vanquished Creatures
  A cyclops (D)
  3 spiny frogs (D)
  A komodo dragon (D)
  A polar bear (D)
  A blink frog (D)
  A vampire (D)
  A warg (D)
  3 water moccasins (D)
  A hell hound (D)
  An orc warrior (D)
  2 porcupines (D)
  7 wolves (D)
  A crocodile (D)
  4 bullfrogs (D)
  3 hounds (D)
  An orc priest (D)
  An orc wizard (D)
  An adder (D)
  A shadow imp (D)
  2 orcs (D)
  A jackal (D)
  A ball python skeleton (D)
  A bat (D)
  2 kobolds (D)
  A leopard gecko zombie (D)
  2 rats (D)
45 creatures vanquished.

Vanquished Creatures (collateral kills)
  An elephant (D)
  2 bullfrogs (D)
3 creatures vanquished.

Vanquished Creatures (others)
  A spatial maelstrom (D)
1 creature vanquished.

Grand Total: 49 creatures vanquished

Notes
Turn   | Place    | Note
-------+----------+-------------------------------------------
     0 | D        | emperorscorpion the Vine Stalker Berserker began the quest for the Orb.
     0 | D        | Reached XP level 1. HP: 11/11 MP: 2/2
    10 | D        | Reached skill level 3 in Short Blades
    11 | D        | Reached ** piety under Trog
    11 | D        | Banished a spatial maelstrom
    25 | D        | Noticed a hound
    25 | D        | Noticed an orc priest
    25 | D        | Noticed a hound
    28 | D        | Killed a hound
    28 | D        | Reached skill level 4 in Short Blades
    28 | D        | Reached XP level 2. HP: 8/18 MP: 3/3
    28 | D        | Reached XP level 3. HP: 9/21 MP: 4/4
    30 | D        | Reached *** piety under Trog
    30 | D        | Reached skill level 5 in Fighting
    30 | D        | Reached skill level 5 in Short Blades
    30 | D        | Gained mutation: Your natural rate of healing is unusually fast. [Vine Stalker growth]
    30 | D        | Reached XP level 4. HP: 14/27 MP: 5/5
    38 | D        | Reached skill level 6 in Short Blades
    44 | D        | Found a roughly hewn altar of Beogh.
    44 | D        | Found a snail-covered altar of Cheibriados.
    44 | D        | Found a shadowy altar of Dithmenos.
    44 | D        | Found a white marble altar of Elyvilon.
    44 | D        | Found a blossoming altar of Fedhas.
    44 | D        | Found an opulent altar of Gozag.
    45 | D        | Found a hazy altar of Hepliaklqana.
    46 | D        | Found a viscous altar of Jiyva.
    47 | D        | Found an ancient bone altar of Kikubaaqudgha.
    48 | D        | Found a corrupted altar of Lugonu.
    49 | D        | Found a burning altar of Makhleb.
    50 | D        | Found a sparkling altar of Nemelex Xobeh.
    51 | D        | Found an iron altar of Okawaru.
    52 | D        | Found a stormy altar of Qazlal.
    53 | D        | Found a sacrificial altar of Ru.
    54 | D        | Found a deep blue altar of Sif Muna.
    55 | D        | Found a bloodstained altar of Trog.
    56 | D        | Found a hide-covered altar of Uskayaw.
    57 | D        | Found a radiant altar of Vehumet.
    58 | D        | Found an ornate altar of the Wu Jian Council.
    59 | D        | Found a shimmering altar of Xom.
    60 | D        | Found a basalt altar of Yredelemnul.
    61 | D        | Found a glowing silver altar of Zin.
    62 | D        | Found a glowing golden altar of the Shining One.
    80 | D        | Found the +14 obsidian axe {chop, +Fly SInv *Curse}
    80 | D        | Got the +2 scimitar "Xuaf Kygg" {flame, Fragile rN+ Str+2}
   116 | D        | Noticed a water moccasin
   116 | D        | Noticed an orc warrior
   119 | D        | Reached **** piety under Trog
   119 | D        | Received a gift from Trog
   119 | D        | Reached XP level 5. HP: 32/32 MP: 6/6
   135 | D        | Killed an orc warrior
   135 | D        | Reached skill level 7 in Short Blades
   135 | D        | Reached XP level 6. HP: 38/38 MP: 7/7
   140 | D        | Killed a water moccasin
   140 | D        | Reached ***** piety under Trog
   140 | D        | Received a gift from Trog
   140 | D        | Reached skill level 8 in Short Blades
   155 | D        | Noticed a cyclops
   155 | D        | Noticed a vampire
   158 | D        | Reached skill level 9 in Short Blades
   158 | D        | Reached XP level 7. HP: 44/44 MP: 8/8
   164 | D        | Killed a vampire
   169 | D        | Killed a cyclops
   169 | D        | Reached skill level 10 in Short Blades
   169 | D        | Reached skill level 5 in Armour
   169 | D        | Reached skill level 5 in Dodging
   169 | D        | Gained mutation: You have razor-sharp teeth. [Vine Stalker growth]
   169 | D        | Reached XP level 8. HP: 41/50 MP: 7/9
   284 | D        | Noticed a komodo dragon
   284 | D        | Noticed a blink frog
   284 | D        | Noticed a spiny frog
   284 | D        | Noticed a spiny frog
   291 | D        | Noticed a spiny frog
   296 | D        | Killed a spiny frog
   296 | D        | Reached skill level 10 in Fighting
   296 | D        | Reached skill level 11 in Short Blades
   300 | D        | Killed a spiny frog
   307 | D        | Killed a blink frog
   307 | D        | Reached skill level 12 in Short Blades
   307 | D        | Reached XP level 9. HP: 35/56 MP: 7/10
   313 | D        | Killed a komodo dragon
   313 | D        | Received a gift from Trog
   313 | D        | Reached skill level 1 in Stealth
   322 | D        | Killed a spiny frog
   327 | D        | Reached ****** piety under Trog
   327 | D        | Reached skill level 13 in Short Blades
   344 | D        | Noticed an elephant
   350 | D        | Noticed a polar bear
   352 | D        | Killed an elephant
   353 | D        | Received a gift from Trog
   358 | D        | Received a gift from Trog
   373 | D        | Killed a polar bear
   373 | D        | Reached XP level 10. HP: 45/62 MP: 9/11
   403 | D        | Received a gift from Trog
   409 | D        | Reached skill level 14 in Short Blades
   473 | D        | Noticed Erica
   481 | D        | Killed from afar by Erica

Vault maps used:
D:        linesprint

Skill      XL: |  1  2  3  4  5  6  7  8  9 10 |
---------------+-------------------------------+-----
Fighting       | 4 5 6 7 8 9 11 12 | 12.7
Short Blades   | 4 5 6 7 9 10 12 13 14 | 14.0
Armour         | 2 3 4 5 6 7 |  7.3
Dodging        | 2 3 4 5 6 |  6.7
Stealth        | 1 |  1.8

Action                   |  1- 3 |  4- 6 |  7- 9 | 10-12 || total
-------------------------+-------+-------+-------+-------++-------
Melee: Short sword       |    14 |    10 |    72 |    29 ||   125
       Bite              |     2 |     8 |    31 |    12 ||    53
       Rapier            |       |    23 |       |       ||    23
Invok: Berserk           |     1 |     1 |     1 |     1 ||     4
       Trog's Hand       |     1 |     1 |     1 |       ||     3
       Brothers in Arms  |       |       |     1 |       ||     1
  Eat: Chunk             |       |       |     3 |       ||     3
Armor: Animal skin       |     2 |     1 |       |       ||     3
       Chain mail        |       |     7 |    27 |     7 ||    41
Dodge: Dodged            |     7 |     9 |    18 |     6 ||    40

Table legend:
 A = Spawn XP
 B = Non-spawn XP
 C = Spawn XP percentage of total XP
 D = Spawn monster count
 E = Non-spawn monster count
 F = Spawn count percentage of total count
 G = Total turns spent on level
                    A         B        C        D         E        F      G
               +---------+---------+-------+---------+---------+-------+---------
         Total |       0 |    5889 |   0.0 |       0 |      48 |   0.0 |   481
               +---------+---------+-------+---------+---------+-------+---------
             D |       0 |    5889 |   0.0 |       0 |      48 |   0.0 |   481
               +---------+---------+-------+---------+---------+-------+---------
